 Dungeon Crawl Stone Soup version 0.22.1-1-ga44c0e56f4 (webtiles) character file.

73 Ihlosi the Skirmisher (level 4, -4/49 HPs)
             Began as an Ogre Fighter on Oct 29, 2018.
             Killed by divine providence
             ... invoked by an orc priest
              (14 damage)
             ... on level 3 of the Dungeon.
             The game lasted 00:05:54 (2297 turns).

Ihlosi the Skirmisher (Ogre Fighter)                Turns: 2297, Time: 00:05:55

Health: -4/49      AC:  3    Str: 25    XL:     4   Next: 27%
Magic:  4/4        EV:  8    Int:  9    God:
Gold:   61         SH:  9    Dex:  9    Spells: 3/3 levels left

rFire    . . .     SeeInvis .   a - +0 flail
rCold    . . .     Gourm    .   c - +0 shield
rNeg     . . .     Faith    .   b - +0 robe
rPois    .         Spirit   .   (helmet restricted)
rElec    .         Reflect  .   (no cloak)
rCorr    .         Harm     .   (gloves unavailable)
MR       .....                  (boots unavailable)
Stlth    +.........             (no amulet)
HPRegen  0.16/turn              (no ring)
MPRegen  0.09/turn              (no ring)

@: mighty, very slightly contaminated, invisible
A: large, unfitting armour, tough skin 1
a: no special abilities


You were on level 3 of the Dungeon.
You were hungry.

You visited 1 branch of the dungeon, and saw 3 of its levels.

You collected 61 gold pieces.

Inventory:

Hand Weapons
 a - a +0 flail (weapon)
Armour
 b - a +0 robe (worn)
 c - a +0 shield (worn)
Scrolls
 e - 3 scrolls of identify {unknown}
 h - a scroll of remove curse {unknown}
 i - 3 scrolls of teleportation {unknown}
 l - a scroll of magic mapping {unknown}
 m - a scroll of immolation {unknown}
Potions
 g - a potion of invisibility
 j - a potion of curing
Comestibles
 f - 4 rations


   Skills:
 * Level 4.9 Fighting
 + Level 2.9 Maces & Flails
 - Level 3.0 Dodging
 - Level 3.0 Shields


You had 3 spell levels left.
You didn't know any spells.
Your spell library was empty.

Dungeon Overview and Level Annotations

Branches:
Dungeon (3/15)

Altars:
Elyvilon
Hepliaklqana

Annotations:
D:2 Sigmund!, Sigmund, Terence
D:3 3 runed doors, Zaque's ghost, novice DgSk; rumpelstilzz's ghost, amateur OpTm


Innate Abilities, Weirdness & Mutations

You are too large for most types of armour.
You have tough skin. (AC +1)


Message History

You thump the orc priest!
The orc priest is severely wounded.
The orc priest invokes the aid of Beogh against you.
Beogh smites you! The orc wizard completely misses you.
The orc priest invokes the aid of Beogh against you.
Beogh smites you!
* * * LOW HITPOINT WARNING * * *
Okay, then.
It was a potion of invisibility.
You fade into invisibility!
The orc wizard barely misses you. The orc priest barely misses you.
You are very lightly contaminated with residual magic.
It was a potion of curing.
You feel better. The orc wizard hits you with a dagger.
* * * LOW HITPOINT WARNING * * *
The orc priest invokes the aid of Beogh against something.
The orc wizard closely misses you.
The orc priest calls down the wrath of Beogh upon you.
Beogh smites you!
You die...

#.######
#.†....# .#
######.# .#
#.# .# #.# .#
#.# .# #.# .#
#.####.###.#.
#....@o......
#..###.o.....
#..# ####.#.
#..# #..#
.... ##..#
#..#


You could see an orc priest and an orc wizard.

Vanquished Creatures
  2 adders
  An ooze (D:1)
  A worm (D:2)
  A dart slug (D:2)
  2 leopard geckos (D:1)
  2 orcs (D:3)
  4 bats
  4 giant cockroaches
  5 goblins
  A hobgoblin (D:1)
  5 jackals
  A quokka (D:3)
  A ball python (D:2)
  3 frilled lizards
  2 kobolds
  5 rats
40 creatures vanquished.

Notes
Turn   | Place    | Note
-------+----------+-------------------------------------------
     0 | D:1      | Ihlosi the Ogre Fighter began the quest for the Orb.
     0 | D:1      | Reached XP level 1. HP: 24/24 MP: 1/1
   721 | D:2      | Noticed Terence
   739 | D:1      | Reached XP level 2. HP: 32/32 MP: 2/2
  1389 | D:1      | Reached XP level 3. HP: 36/40 MP: 3/3
  1830 | D:2      | Found a hazy altar of Hepliaklqana.
  1919 | D:2      | Noticed Sigmund
  2078 | D:3      | Found a runed gate.
  2078 | D:3      | Found a runed gate.
  2079 | D:3      | Found a runed gate.
  2083 | D:3      | Noticed Zaque's ghost (novice DgSk)
  2084 | D:3      | Noticed rumpelstilzz's ghost (amateur OpTm)
  2132 | D:3      | Reached XP level 4. HP: 42/49 MP: 4/4
  2135 | D:3      | Found a white marble altar of Elyvilon.
  2297 | D:3      | Killed from afar by an orc priest

Skill      XL: |  1  2  3 |
---------------+----------+-----
Maces & Flails | 2 |  2.9
Dodging        | 3 |  3.0
Shields        | 3 |  3.0
Fighting       | |  4.9

Action                   |  1- 3 |  4- 6 || total
-------------------------+-------+-------++-------
Melee: Flail             |   108 |    16 ||   124
       Mace              |     8 |       ||     8
  Use: Potion            |       |     3 ||     3
 Stab: Sleeping          |     1 |       ||     1
  Eat: Chunk             |     4 |       ||     4
Armor: Robe              |    40 |     1 ||    41
Dodge: Dodged            |    40 |    11 ||    51
Block: Shield            |    48 |     5 ||    53
